 Dungeon Crawl Stone Soup version 0.29.1-1-gd02db69 (webtiles) character file.

Game seed: 4307016164764553498

75 Timinator the Insei (level 3, -1/28 HPs)
             Began as a Demigod Transmuter on Dec 19, 2022.
             Slain by an orc wizard
             ... wielding a +0 dagger
              (2 damage)
             ... on level 3 of the Dungeon.
             The game lasted 00:07:37 (2796 turns).

Timinator the Insei (Demigod Transmuter)            Turns: 2796, Time: 00:07:37

Health: -1/28      AC:  3    Str: 11    XL:     3   Next: 88%
Magic:  8/8        EV: 12    Int: 15    God:
Gold:   73         SH:  0    Dex: 18    Spells: 3/6 levels left

rFire   . . .      SeeInvis .     - Unarmed
rCold   . . .      Faith    .   (no shield)
rNeg    . . .      Spirit   .   r - +0 leather armour
rPois   .          Reflect  .   (no helmet)
rElec   .          Harm     .   (no cloak)
rCorr   .          Rampage  .   (no gloves)
Will    .....                   (no boots)
Stlth   +.........              (no amulet)
HPRegen 0.09/turn               (no ring)
MPRegen 0.11/turn               (no ring)

@: no status effects
A: high MP 1, forlorn, divine attributes
a: no special abilities


You were on level 3 of the Dungeon.
You visited 1 branch of the dungeon, and saw 3 of its levels.

You collected 73 gold pieces.

Inventory:

Armour
 p - a +0 ring mail
 r - a +0 leather armour (worn)
Scrolls
 c - 2 scrolls of magic mapping {unknown}
 e - a scroll of amnesia {unknown}
 f - a scroll of butterflies {unknown}
 g - a scroll of noise {unknown}
 h - a scroll of enchant weapon {unknown}
 l - 2 scrolls of identify {unknown}
 o - a scroll of vulnerability {unknown}
 q - 2 scrolls of teleportation {unknown}
Potions
 a - 2 potions of berserk rage {unknown}
 b - a potion of lignification
 d - 2 potions of might {unknown}
 j - a potion of haste {unknown}
 k - 2 potions of flight {unknown}
 m - a potion of heal wounds {unknown}
 n - 2 potions of curing {unknown}


   Skills:
 * Level 1.5 Fighting
 * Level 1.1 Armour
 * Level 2.2 Dodging
 * Level 3.1 Unarmed Combat
 + Level 2.2 Spellcasting
 * Level 2.3 Transmutations


You had 3 spell levels left.
You knew the following spells:

 Your Spells              Type           Power      Damage    Failure   Level
a - Beastly Appendage     Tmut           16%        N/A       11%         1
b - Wereblood             Tmut           8%         N/A       17%         2

Your spell library contained the following spells:

 Spells                   Type           Power      Damage    Failure   Level
 Passwall                 Tmut/Erth      4%         N/A       26%         2
 Apportation              Tloc           2%         N/A       28%         1
 Sandblast                Erth           2%         2d4       28%         1
 Ensorcelled Hibernation  Hex/Ice        2%         N/A       41%         2
 Static Discharge         Conj/Air       1%         3-4/arc   41%         2
 Spider Form              Tmut/Pois      5%         N/A       47%         3
 Gell's Gravitas          Tloc           1%         N/A       65%         3
 Stone Arrow              Conj/Erth      2%         3d7       65%         3
 Swiftness                Air            1%         N/A       65%         3
 Teleport Other           Tloc           1%         N/A       65%         3
 Ice Form                 Ice/Tmut       5%         N/A       87%         4
 Dispel Undead            Necr           1%         3d6       96%         4
 Sticky Flame             Conj/Fire      1%         2d3       96%         4
 Alistair's Intoxication  Tmut/Pois      3%         N/A       99%         5
 Yara's Violent Unravell  Hex/Tmut       2%         3d3       99%         5
 Dispersal                Tloc           0%         N/A       100%        6
 Lehudib's Crystal Spear  Conj/Erth      0%         10d2      100%        8


Dungeon Overview and Level Annotations

Branches:
Dungeon (3/15)


Innate Abilities, Weirdness & Mutations

You have an increased reservoir of magic. (+10% MP)
You shall have no god before yourself.
Your divine heritage dramatically boosts your attributes as you level up.


Message History

You kill the rat!
You hit the orc but do no damage. Your kick misses the orc.
Your transformation is almost over.
A giant cockroach comes into view.
The orc closely misses you.
You hit the orc. You headbutt the orc.
You kill the orc!
You hit the endoplasm. You claw the endoplasm.
You kill the endoplasm!
Things that are here:
a +0 war axe; a +0 ring mail; an orc corpse You hit the orc wizard.
You claw the orc wizard.
The orc wizard is moderately wounded.
The orc wizard points at you and mumbles some strange words.
You are confused.
You're too confused to move!
A quokka comes into view.
The orc wizard hits you with a +0 dagger.
You bump into the rock wall.
The orc wizard hits you but does no damage.
You bump into the rock wall.
The orc wizard mumbles some strange words.
The orc wizard flickers and vanishes!
Deactivating autopickup; reactivate with Ctrl-A.
You bump into the rock wall.
Your horns disappear.
Your talons disappear.
Something hits you.
You miss something.
You hear some strange, mumbled words.
A puff of flame appears from out of thin air!
The puff of flame hits you!
You bump into the rock wall.
You feel less confused. Something hits you.
You hit something. Something hits you.
The orc priest mumbles some strange prayers to Beogh against you.
Beogh smites you!
* * * LOW HITPOINT WARNING * * *
Something hits you.
You die...

#.# #.#
#.# #<#
#.# #.#
###$ #.#
....
#.###o.#
#..@{#
#####or#
....
.... ...
.. .


You could see an orc priest, an orc and a quokka.

Vanquished Creatures
  2 adders
  3 dart slugs
  An orc (D:3)
  3 endoplasms
  2 giant cockroaches
  6 goblins (D:1)
  5 hobgoblins
  4 jackals (D:1)
  2 kobolds (D:2)
  A quokka (D:2)
  3 ball pythons
  5 bats
  A frilled lizard (D:2)
  8 rats
46 creatures vanquished.

Vanquished Creatures (others)
  A plant (D:2)
1 creature vanquished.

Grand Total: 47 creatures vanquished

Notes
Turn   | Place    | Note
-------+----------+-------------------------------------------
     0 | D:1      | Timinator the Demigod Transmuter began the quest for the
                  | Orb.
     0 | D:1      | Reached XP level 1. HP: 15/15 MP: 5/5
   208 | D:1      | Reached skill level 1 in Fighting
   630 | D:1      | Reached XP level 2. HP: 21/23 MP: 4/7
  1509 | D:2      | Reached XP level 3. HP: 16/28 MP: 8/8
  1655 | D:2      | Learned a level 2 spell: Wereblood
  2258 | D:2      | Got Tasuxaa's Disquisition on Metallic Permutations
  2308 | D:2      | Reached skill level 3 in Unarmed Combat
  2347 | D:2      | Reached skill level 1 in Armour
  2795 | D:3      | HP: 1/28 [orc priest/divine providence (10)]
  2796 | D:3      | Slain by an orc wizard

Illustrated notes

Levels and vault maps discovered:
D:1:      doesnt_arrival_eight_statues, layout_loops_corners,
          shapermc_ecumenical_altar_mp_highgroup, minmay_tromino_v7
D:2:      layout_basic, basic_altar, serial_bayou_crossing
D:3:      layout_loops_ring, mainiacjoe_overflow_catwalk, tgw_kikubaaqudgha,
          nicolae_hepliaklqana_monster_ancestors, nicolae_gozag_seed_capital

Skill      XL: |  1  2  3 |
---------------+----------+-----
Fighting       | 1 |  1.5
Spellcasting   | 2 |  2.2
Dodging        | 2 |  2.2
Transmutations | 2 |  2.3
Unarmed Combat | 3 |  3.1
Armour         | 1 |  1.1

Action                   || total
-------------------------++-------
Melee: Unarmed           ||   105
       Kick              ||    28
       Headbutt          ||    14
       Punch             ||     2
 Cast: Beastly Appendage ||    32
 Stab: Sleeping          ||     4
Armor: Robe              ||    10
       Leather armour    ||     3
Dodge: Dodged            ||    46
